 Dungeon Crawl Stone Soup version 0.19-a0-465-g1d1674b (webtiles) character file.

420 ololoev the Magician (level 6, 13/32 HPs)
             Began as a Deep Elf Fire Elementalist on June 3, 2016.
             Quit the game on level 7 of the Dungeon.
             The game lasted 00:06:43 (947 turns).

ololoev the Magician (Deep Elf Fire Elementalist)    Turns: 947, Time: 00:06:44

Health: 13/32      AC:  4    Str:  5    XL:     6   Next: 62%
Magic:  7/16       EV:  7    Int: 22    God:
Gold:   93         SH:  0    Dex: 15    Spells: 4 memorised, 5 levels left

rFire  . . .     SeeInvis .     a - +2 quarterstaff (chaos)
rCold  . . .     Gourm    .     g - +0 robe
rNeg   . . .     Faith    .     (shield currently unavailable)
rPois  .         Spirit   .     (no helmet)
rElec  .         Dismiss  .     h - +0 cloak
rCorr  .         Reflect  .     k - +0 pair of gloves
SustAt +         Harm     .     (no boots)
MR     .....                    (no amulet)
Stlth  ++........               (no ring)
                                m - ring of sustain attributes

@: held, not resistant to hostile enchantments, unstealthy
A: no striking features
a: no special abilities

Inventory:

Hand Weapons
 a - a +2 quarterstaff of chaos (weapon)
Armour
 g - a +0 robe (worn)
 h - a +0 cloak (worn)
 k - a +0 pair of gloves (worn)
Jewellery
 m - a ring of sustain attributes (left hand)
Scrolls
 d - a scroll of identify
 i - a scroll of teleportation
Potions
 e - a potion of invisibility {unknown}
 f - a potion of heal wounds {unknown}
 j - a potion of brilliance {unknown}
 n - a potion of flight {unknown}
 o - a potion of magic {unknown}
Books
 b - a book of Flames

   Spells                             Type                      Level
   a - Flame Tongue                   Conjuration/Fire             1
   b - Throw Flame                    Conjuration/Fire             2
   c - Conjure Flame                  Conjuration/Fire             3
   d - Inner Flame                    Hexes/Fire                   3
   e - Sticky Flame                   Conjuration/Fire             4
   f - Fireball                       Conjuration/Fire             5
Comestibles
 c - 3 bread rations
 l - a slice of pizza
 p - a chunk of flesh


   Skills:
 - Level 2.4 Dodging
 - Level 2.4 Stealth
 + Level 5.5 Spellcasting
 * Level 5.3 Conjurations
 + Level 4.9 Fire Magic


You had 5 spell levels left.
You knew the following spells:

 Your Spells              Type           Power        Failure   Level  Hunger
a - Flame Tongue          Conj/Fire      ####.        1%          1    None
b - Conjure Flame         Conj/Fire      ####....     3%          3    ##.....
c - Sticky Flame          Conj/Fire      ####....     12%         4    ####...
e - Inner Flame           Hex/Fire       ###.....     12%         3    ##.....


You were on level 7 of the Dungeon.
You were not hungry.

You visited 1 branch of the dungeon, and saw 6 of its levels.

You collected 93 gold pieces.

##+#
##...#
##....g##
#...?.g.##
......g.@#
.......S.+
...$.....#
#.......##
##.....##
##...#
##+#

Notes
Turn   | Place    | Note
--------------------------------------------------------------
     0 | D:1      | ololoev the Deep Elf Fire Elementalist began the quest for the Orb.
     0 | D:1      | Reached XP level 1. HP: 10/10 MP: 6/6
   110 | D:2      | Noticed Crazy Yiuf
   111 | D:2      | jacquesderrida: ЭХ
   128 | D:2      | Killed Crazy Yiuf
   128 | D:2      | Reached XP level 2. HP: 10/15 MP: 0/8
   128 | D:2      | Reached XP level 3. HP: 12/19 MP: 0/10
   315 | D:4      | Learned a level 3 spell: Conjure Flame
   319 | D:4      | Learned a level 3 spell: Inner Flame
   325 | D:4      | Reached XP level 4. HP: 24/24 MP: 3/12
   334 | D:4      | Learned a level 4 spell: Sticky Flame
   532 | D:3      | Reached XP level 5. HP: 23/28 MP: 9/13
   644 | D:5      | Entered Level 5 of the Dungeon
   644 | D:5      | Noticed Blork the orc
   852 | D:5      | Noticed a sky beast
   859 | D:5      | Killed Blork the orc
   859 | D:5      | Reached skill level 5 in Spellcasting
   859 | D:5      | Reached XP level 6. HP: 19/32 MP: 5/15
   886 | D:5      | Killed a sky beast
   886 | D:5      | Reached skill level 5 in Conjurations
   942 | D:4      | You fall through a shaft for 3 floors!
   947 | D:7      | Quit the game

Dungeon Overview and Level Annotations

Branches:
Dungeon (5/15)
 Temple: D:4-7

Altars:


Message History

Casting: Conjure Flame
Confirm with . or Enter, or press ? or * to list all spells.
Aiming: Sticky Flame
Press: ? - help, Shift-Dir - straight line The sticky flame hits something.
The sky beast is covered in liquid flames!
The sky beast burns!
The sky beast barely misses you.
The sky beast burns!
The sky beast hits you. The sky beast shocks you.
The sky beast burns!
Something hits you but does no damage.
Things that are here:
a dire flail; a robe; the orc corpse of Blork the orc
Casting: Sticky Flame
Confirm with . or Enter, or press ? or * to list all spells.
Aiming: Sticky Flame
Press: ? - help, Shift-Dir - straight line The sticky flame hits something.
The sky beast is covered in liquid flames!
The sky beast burns!
The sky beast completely misses you.
You hit the sky beast.
The sky beast is severely wounded.
The sky beast disappears!
Your Conjurations skill increases to level 5!
You feel a bit more experienced.
Things that are here:
a dire flail; a robe; the orc corpse of Blork the orc You butcher the orc corpse of Blork the orc.
Items here: % ) [ ÷ a dire flail; a robe; a chunk of flesh; the orc skeleton of Blork the orc Autopickup is now on.
p - a chunk of flesh An orc priest comes into view.
An orc priest comes into view. It is wielding a club.
There is a stone staircase leading up, spattered with blood here.
You climb upwards.
There is a stone staircase leading down here.
You see here a rapier.
There is an open door here.
You open the door.
There is an open door here.
Found two robes.
A howler monkey comes into view.
The howler monkey howls!
The howler monkey hoots and howls with incredible vigour!
Casting: Sticky Flame
Confirm with . or Enter, or press ? or * to list all spells.
Aiming: Flame Tongue
Press: ? - help, Shift-Dir - straight line, f - howler monkey
Aim: a howler monkey (catching its breath)
The flame tongue hits the howler monkey.
The howler monkey is lightly wounded.
Casting: Flame Tongue
Confirm with . or Enter, or press ? or * to list all spells.
Aiming: Flame Tongue
Press: ? - help, Shift-Dir - straight line, f/p - howler monkey
Aim: a howler monkey (lightly wounded, catching its breath)
The flame tongue hits the howler monkey.
The howler monkey is almost dead.
The howler monkey closely misses you. The howler monkey bites you.
Casting: Flame Tongue
Confirm with . or Enter, or press ? or * to list all spells.
Aiming: Flame Tongue
Press: ? - help, Shift-Dir - straight line, f/p - howler monkey
Aim: a howler monkey (almost dead)
The flame tongue hits the howler monkey.
You kill the howler monkey!
There is a shaft here.
You fall through a shaft for 3 floors!
The shaft crumbles and collapses.
An adder and 3 gnolls come into view.
Found a scroll of identify and 15 gold pieces.
The gnoll shouts! x3
The gnoll throws a throwing net.
The throwing net hits you.
You become entangled in the net!
You see here a throwing net.
You try to slip out of the net.
You struggle against the net.
The gnoll hits you from afar with a spear.
You try to slip out of the net.
The adder bites you but does no damage. The gnoll completely misses you.
Are you sure you want to abandon this character and quit the game? (Confirm with "yes".)

You could see 3 gnolls and an adder.

Vanquished Creatures
  A sky beast (D:5)
  Blork the orc (D:5)
  A howler monkey (D:4)
  2 hounds (D:4)
  Crazy Yiuf (D:2)
  A centaur skeleton (D:4)
  An iguana (D:4)
  2 gnolls (D:4)
  2 adders
  An ooze (D:3)
  A worm (D:3)
  A dart slug (D:3)
  An orc (D:4)
  2 bats (D:2)
  A giant cockroach (D:3)
  2 goblins
  9 hobgoblins
  3 jackals (D:3)
  2 quokkas
  A jackal zombie (D:5)
  2 kobolds (D:3)
  4 rats
42 creatures vanquished.

Action                   |  1- 3 |  4- 6 || total
-------------------------+-------+-------++-------
Melee: Quarterstaff      |    15 |    21 ||    36
 Cast: Flame Tongue      |    33 |    19 ||    52
       Inner Flame       |       |     4 ||     4
       Conjure Flame     |       |     3 ||     3
       Sticky Flame      |       |     6 ||     6
  Use: Scroll            |       |     2 ||     2
 Stab: Distracted        |     1 |       ||     1
  Eat: Chunk             |       |     1 ||     1
Armor: Robe              |     4 |    10 ||    14
Dodge: Dodged            |    12 |    38 ||    50

Vault maps used:
D:1:      lemuel_arrival_rhombus
D:2:      minmay_misc_feat_nine_boxes, nicolae_gozag_zags_fifth_avenue,
          uniq_crazy_yiuf_cottage
D:3:      kennysheep_six_static_rooms, first_bread, kennysheep_generic_room_10,
          uniq_jessica
D:5:      kennysheep_mini, uniq_blork_the_orc
D:7:      grunt_pakellas_mercury, minmay_temple_entry_fiery,
          hangedman_abyss_or_decor_stagger
